 Dungeon Crawl Stone Soup version 0.29-a0-284-gf9362112df (webtiles) character file.

Game seed: 6300489760076107976

48948 siradein the Black Sun (level 14, -6/118 HPs)
             Began as a Ghoul Necromancer on Mar 22, 2022.
             Was a High Priest of Kikubaaqudgha.
             Killed by divine providence
             ... invoked by an orc high priest
              (16 damage)
             ... on level 1 of the Orcish Mines on Mar 23, 2022.
             The game lasted 01:46:30 (25129 turns).

siradein the Black Sun (Ghoul Necromancer)         Turns: 25129, Time: 01:46:31

Health: -6/118     AC: 12    Str: 18 (19) XL:     14   Next: 48%
Magic:  6/24       EV: 13    Int: 17      God:    Kikubaaqudgha [*****.]
Gold:   1494       SH: 10    Dex: 13      Spells: 3/27 levels left

rFire   + . .      SeeInvis +   C - +10 falchion "Azeexyak" {pain, Dex+4}
rCold   + . .      Faith    .   M - +0 kite shield
rNeg    + + +      Spirit   .   d - +0 leather armour of Xafrar {rF+}
rPois   ∞          Reflect  .   j - +0 helmet {Int+3}
rElec   .          Harm     .   h - +2 cloak
rCorr   .          Rampage  .   v - +2 pair of gloves
Will    ++...                   l - +2 pair of boots
Stlth   ++........              D - amulet of the acrobat
HPRegen 0.00/turn               t - ring of Wotzeodgh {Will+ Str+6 SInv}
MPRegen 0.19/turn               V - +4 ring of protection

@: weakened, corroded, inhibited regen
A: claws 1, cold resistance 1, negative energy resistance 3, inhibited
regeneration, torment resistance 2
a: Renounce Religion, Receive Corpses, Torment


You were on level 1 of the Orcish Mines.
You worshipped Kikubaaqudgha.
Kikubaaqudgha was extremely pleased with you.
You visited 3 branches of the dungeon, and saw 20 of its levels.

You collected 1620 gold pieces.
You spent 126 gold pieces at shops.

Inventory:

Hand Weapons
 f - a +1 dagger of pain
 g - a +3 scimitar of flaming
 y - a +2 short sword of protection
 C - the +10 falchion "Azeexyak" (weapon) {pain, Dex+4}
   (You found it on level 6 of the Dungeon)

   In the hands of one skilled in necromantic magic, it inflicts extra damage on
   living creatures.
   Dex:       It affects your dexterity (+4).
Missiles
 H - a throwing net
 U - 3 curare-tipped darts
Armour
 d - the +0 leather armour of Xafrar (worn) {rF+}
   (You found it on level 3 of the Lair of Beasts)

   rF:        It protects you from fire.
 h - a +2 cloak (worn)
 j - a +0 helmet of intelligence (worn)
 l - a +2 pair of boots (worn)
 v - a +2 pair of gloves (worn)
 M - a +0 kite shield (worn)
Jewellery
 e - a ring of flight
 t - the ring of Wotzeodgh (left hand) {Will+ Str+6 SInv}
   (You found it on level 5 of the Dungeon)

   [ring of strength]

   Str:       It affects your strength (+6).
   SInv:      It lets you see invisible.
   Will:      It increases your willpower.
 x - a +4 ring of evasion
 A - an amulet of guardian spirit
 D - an amulet of the acrobat (around neck)
 E - a +4 ring of evasion
 P - the ring of Autumn {Fly Dex+3}
   (You took it off an orc on level 10 of the Dungeon)

   [ring of flight]

   Dex:       It affects your dexterity (+3).
   Fly:       It grants you flight.
 S - a ring of ice
 V - a +4 ring of protection (right hand)
 Z - a ring of ice
Wands
 B - a wand of acid (19)
 K - a wand of charming (4)
 L - a wand of iceblast (33)
 N - a wand of paralysis (1)
 Q - a wand of mindburst (6)
 R - a wand of digging (13)
 Y - a wand of flame (20)
Scrolls
 c - 3 scrolls of amnesia
 i - 3 scrolls of immolation
 k - a scroll of enchant weapon {unknown}
 m - a scroll of fog
 r - 2 scrolls of magic mapping
 u - 2 scrolls of fear
 z - 2 scrolls of teleportation
 F - a scroll of holy word {unknown}
 G - 2 scrolls of summoning
 W - 2 scrolls of enchant armour {unknown}
 X - a scroll of blinking
Potions
 a - 7 potions of flight
 b - a potion of magic
 n - 2 potions of might {unknown}
 o - 6 potions of curing
 p - 5 potions of brilliance {unknown}
 q - 2 potions of heal wounds
 s - a potion of berserk rage {unknown}
 w - 5 potions of attraction
 I - 3 potions of haste {unknown}
 J - a potion of invisibility {unknown}
 O - 2 potions of ambrosia {unknown}
 T - 2 potions of mutation {unknown}


   Skills:
 + Level 9.4 Fighting
 + Level 6.6 Long Blades
 - Level 0.9 Maces & Flails
 * Level 10.3 Armour
 + Level 8.1 Dodging
 - Level 2.1 Stealth
 + Level 7.6 Shields
 + Level 7.4 Spellcasting
 * Level 12.2 Necromancy
 + Level 4.0 Ice Magic
 + Level 4.0 Evocations


You had 3 spell levels left.
You knew the following spells:

 Your Spells              Type           Power      Damage    Failure   Level
a - Vampiric Draining     Necr           48%        2d9       1%          3
b - Dispel Undead         Necr           48%        3d18      1%          4
c - Animate Dead          Necr           24%        N/A       1%          4
d - Pain                  Necr           100%       1d9       1%          1
e - Death Channel         Necr           24%        N/A       32%         6
f - Simulacrum            Ice/Necr       17%        N/A       86%         6

Your spell library contained the following spells:

 Spells                   Type           Power      Damage    Failure   Level
 Animate Skeleton         Necr           96%        N/A       1%          1
 Slow                     Hex            24%        N/A       32%         1
 Sting                    Tmut/Pois      24%        1d4       32%         1
 Blink                    Tloc           12%        N/A       43%         2
 Poisonous Vapours        Pois/Air       12%        N/A       43%         2
 Confusing Touch          Hex            6%         N/A       67%         3
 Conjure Flame            Conj/Fire      6%         6-21      67%         3
 Dazzling Flash           Conj/Hex       12%        N/A       67%         3
 Ignite Poison            Fire/Tmut/Pois 6%         N/A       67%         3
 Lesser Beckoning         Tloc           6%         N/A       67%         3
 Tukima's Dance           Hex            6%         N/A       67%         3
 Agony                    Necr           48%        N/A       6%          5
 Excruciating Wounds      Necr           24%        N/A       6%          5
 Anguish                  Hex/Necr       13%        N/A       26%         4
 Hailstorm                Conj/Ice       13%        3d5       80%         4
 Olgreb's Toxic Radiance  Pois           6%         N/A       97%         4
 Passage of Golubria      Tloc           6%         N/A       97%         4
 Sticky Flame             Conj/Fire      6%         2d3       97%         4
 Freezing Cloud           Conj/Ice/Air   5%         6-21      99%         5
 Manifold Assault         Tloc           6%         N/A       100%        5
 Silence                  Hex/Air        3%         N/A       100%        5
 Yara's Violent Unravell  Hex/Tmut       3%         3d4       100%        5
 Dispersal                Tloc           3%         N/A       100%        6
 Summon Hydra             Summ           3%         N/A       100%        7
 Disjunction              Tloc           3%         N/A       100%        8
 Polar Vortex             Ice            10%        N/A       100%        9
 Sublimation of Blood     Necr           Unusable   N/A       N/A         2
 Wereblood                Tmut           Unusable   N/A       N/A         2
 Ice Form                 Ice/Tmut       Unusable   N/A       N/A         4

Dungeon Overview and Level Annotations

Branches:
Dungeon (12/15)            Temple (0/1) D:6            Lair (6/6) D:9
 Shoals (0/4) Lair:2       Spider (0/4) Lair:3          Orc (2/2) D:10
  Slime: Lair:5-6       Elf: Orc:2

Altars:
Dithmenos
Fedhas
Kikubaaqudgha
Nemelex Xobeh
Qazlal
Ru

Shops:
D:1 [   D:10 [(

Annotations:
D:3 1 runed translucent door, spaghetti's ghost, weakling DgTm
D:10 exclusion: obsidian statue
Lair:5 exclusion: 3 oklob plants


Innate Abilities, Weirdness & Mutations

You thrive by killing the living.
You are immune to poison.
You have sharp fingernails.
Your flesh is cold resistant. (rC+)
You are immune to negative energy. (rN+++)
You do not regenerate when monsters are visible.
You are immune to unholy pain and torment.


Message History

The rust devil corrodes you!
The ice devil hits you but does no damage.
You block the hellwing's attack.
The hellwing hits you but does no damage.
You slash the orc high priest!
The orc high priest writhes in agony.
The orc high priest is moderately wounded.
The orc high priest barely misses you. The hellwing closely misses you.
The hellwing hits you but does no damage.
You block the rust devil's attack. The ice devil barely misses you.
You hit the orc high priest.
The orc high priest writhes in agony!
The orc high priest is heavily wounded.
The orc high priest mumbles some strange prayers to Beogh against you.
Beogh smites you! The ice devil hits you!
* * * LOW HITPOINT WARNING * * *
The ice devil freezes you! You resist.
* * * LOW HITPOINT WARNING * * *
You block the rust devil's attack. You block the hellwing's attack.
The hellwing hits you but does no damage.
You slash the orc high priest!
The orc high priest writhes in agony!
The orc high priest is severely wounded.
The orc high priest barely misses you. The ice devil closely misses you.
You block the rust devil's attack. The hellwing hits you!
* * * LOW HITPOINT WARNING * * *
The hellwing hits you but does no damage.
Unknown command.
Unknown command.
Unknown command.
You hit the orc high priest.
The orc high priest writhes in agony.
The orc high priest is almost dead.
You block the orc high priest's attack.
The ice devil hits you but does no damage.
The rust devil hits you. The rust devil corrodes you! The hellwing hits you.
* * * LOW HITPOINT WARNING * * *
The hellwing barely misses you.
You barely miss the orc high priest.
The orc high priest is almost dead.
The orc high priest mumbles some strange prayers to Beogh against you.
Beogh smites you!
You die...
Kikubaaqudgha rasps: "You have failed me!
Welcome... oblivion!"

### ############
##.########.4)[.#.##.##
#....#.##...[@).......#
##..........44o......##
#...#......<[.......#
####.##..#....[......##
###.##.#...#.......#...#
##................#...##
###..#............#..#.##
........................#
.......>.............#..##


You could see an orc high priest, a hellwing (summoned), an ice devil (summoned)
and a rust devil (summoned).

Vanquished Creatures
  Josephine (D:10)
  2 hydras
  Erica (D:10)
  2 boulder beetles
  A centaur warrior (D:11)
  5 death yaks
  A two-headed ogre (D:9)
  An orc high priest (Orc:1)
  A spectral dire elephant (Lair:6)
  Sonja (Lair:2)
  Pikel (D:4)
  A lindwurm (Lair:6)
  2 cyclopes (D:11)
  2 orc sorcerers (Orc:1)
  9 elephants
  3 black mambas
  14 cane toads
  6 komodo dragons
  2 kobold demonologists
  An unseen horror (D:9)
  A rime drake (Lair:6)
  3 trolls
  A hornet (D:9)
  A polar bear (Lair:5)
  19 blink frogs
  7 dream sheep (Lair:6)
  A snapping turtle (Lair:2)
  2 shadows (D:11)
  5 wraiths
  A basilisk (Lair:1)
  Grum (D:8)
  4 wyverns
  26 yaks
  A steam dragon (Lair:3)
  5 vampire mosquitoes
  2 redbacks (Lair:3)
  19 water moccasins
  A warg (Orc:1)
  12 orc warriors
  2 sky beasts
  5 black bears
  13 wolves
  6 ogres
  6 centaurs
  A phantom (D:5)
  3 kobold brigands
  13 bullfrogs
  3 necrophages
  2 gnoll sergeants
  3 scorpions
  16 wights
  10 killer bees
  4 electric eels
  A howler monkey (D:7)
  3 hounds
  A jelly (D:7)
  17 orc priests
  3 iguanas
  Terence (D:3)
  23 orc wizards
  Robin (D:4)
  19 gnolls
  10 adders
  A white imp (D:6)
  4 ufetubi
  4 dart slugs
  49 orcs
  5 bats
  7 endoplasms
  4 giant cockroaches
  16 goblins
  17 hobgoblins
  4 jackals (D:2)
  6 quokkas
  10 ball pythons
  3 frilled lizards
  19 kobolds
  8 rats
492 creatures vanquished.

Vanquished Creatures (collateral kills)
  Fannar (D:11)
  A boulder beetle (Lair:4)
  Urug (Lair:5)
  An elephant (Lair:5)
  A cane toad (Lair:6)
  4 blink frogs
  2 yaks
  A water moccasin (Lair:5)
  A wolf (Lair:1)
  An orc priest (D:9)
  An orc (D:9)
15 creatures vanquished.

Vanquished Creatures (others)
  An orc wizard (Orc:2)
  An orc (Orc:2)
  88 fungi
  62 plants
  4 withered plants (Lair:6)
156 creatures vanquished.

Grand Total: 663 creatures vanquished

Notes
Turn   | Place    | Note
-------+----------+-------------------------------------------
     0 | D:1      | siradein the Ghoul Necromancer began the quest for the Orb.
     0 | D:1      | Reached XP level 1. HP: 14/14 MP: 2/2
   385 | D:1      | Reached XP level 2. HP: 20/22 MP: 3/3
   459 | D:1      | Reached skill level 1 in Fighting
   835 | D:1      | Reached XP level 3. HP: 26/28 MP: 5/5
  1096 | D:1      | Found Vamac's Armour Emporium.
  1387 | D:2      | Learned a level 3 spell: Vampiric Draining
  1893 | D:1      | Bought a +0 helmet of intelligence for 126 gold pieces
  1978 | D:2      | Reached XP level 4. HP: 32/35 MP: 6/6
  2877 | D:3      | Noticed Terence
  2898 | D:3      | Killed Terence
  2899 | D:3      | Reached skill level 1 in Armour
  2899 | D:3      | Reached skill level 1 in Shields
  2899 | D:3      | Reached XP level 5. HP: 39/41 MP: 7/7
  2904 | D:3      | Learned a level 4 spell: Animate Dead
  3072 | D:3      | Found an ancient bone altar of Kikubaaqudgha.
  3104 | D:3      | Became a worshipper of Kikubaaqudgha
  3321 | D:3      | Found a runed translucent door.
  3406 | D:3      | Noticed spaghetti's ghost (weakling DgTm)
  3698 | D:4      | Reached XP level 6. HP: 40/50 MP: 7/9
  3769 | D:4      | Noticed Robin
  3891 | D:4      | Killed Robin
  3930 | D:4      | Reached * piety under Kikubaaqudgha
  3930 | D:4      | Received a gift from Kikubaaqudgha
  4164 | D:4      | Identified the +3 falchion "Owkirhub" {holy, Fly rF+
                  | Stlth+}
  4942 | D:5      | Entered Level 5 of the Dungeon
  4988 | D:5      | Reached skill level 5 in Necromancy
  4988 | D:5      | Reached XP level 7. HP: 43/57 MP: 10/10
  5080 | D:5      | Identified the ring of Wotzeodgh {Will+ Str+6 SInv}
  5277 | D:5      | Noticed Pikel
  5361 | D:4      | Killed Pikel
  5362 | D:4      | Reached XP level 8. HP: 57/66 MP: 0/12
  5721 | D:5      | Reached skill level 6 in Necromancy
  5809 | D:5      | You fall into a shaft and drop 2 floors!
  6045 | D:6      | Identified the +10 falchion "Azeexyak" {pain, Dex+4}
  6505 | D:5      | Reached skill level 1 in Long Blades
  6505 | D:5      | Reached XP level 9. HP: 71/72 MP: 13/13
  6514 | D:5      | Reached ** piety under Kikubaaqudgha
  7038 | D:6      | Found a staircase to the Ecumenical Temple.
  7390 | D:6      | Found a shadowy altar of Dithmenos.
  7390 | D:6      | Found a blossoming altar of Fedhas.
  7522 | D:7      | Reached skill level 7 in Necromancy
  7796 | D:7      | Reached skill level 5 in Fighting
  8061 | D:6      | Reached *** piety under Kikubaaqudgha
  8061 | D:6      | Received a gift from Kikubaaqudgha
  8067 | D:6      | Learned a level 4 spell: Dispel Undead
  8306 | D:7      | Reached skill level 5 in Armour
  8526 | D:7      | Found a sacrificial altar of Ru.
  8692 | D:8      | Reached XP level 10. HP: 72/81 MP: 15/15
  8937 | D:8      | Reached skill level 5 in Dodging
  9117 | D:8      | Reached skill level 8 in Necromancy
  9360 | D:9      | Noticed a kobold demonologist
  9376 | D:9      | Noticed Grum
  9382 | D:8      | Killed a kobold demonologist
  9517 | D:8      | Reached skill level 5 in Spellcasting
  9536 | D:8      | Reached **** piety under Kikubaaqudgha
  9543 | D:9      | Noticed a two-headed ogre
  9551 | D:8      | Killed Grum
  9648 | D:9      | Noticed an unseen horror
  9667 | D:9      | Killed an unseen horror
  9741 | D:9      | Killed a two-headed ogre
  9742 | D:9      | Reached skill level 5 in Shields
  9909 | D:9      | Reached XP level 11. HP: 73/90 MP: 17/17
 10297 | D:9      | Reached skill level 9 in Necromancy
 10645 | D:9      | Found a staircase to the Lair.
 10755 | D:9      | Found a stormy altar of Qazlal.
 10914 | D:10     | Entered Level 10 of the Dungeon
 10919 | D:10     | Found Ekkoink's Armour Shop.
 10919 | D:10     | Found a staircase to the Orcish Mines.
 10922 | D:10     | Found Koikhl Urphie's Weapon Shop.
 11219 | D:10     | Noticed Erica
 11235 | D:10     | Killed Erica
 11514 | D:10     | Noticed an obsidian statue
 11516 | D:10     | Noticed a soul eater
 11929 | D:10     | Identified the ring of Autumn {Fly Dex+3}
 12059 | D:10     | Noticed Josephine
 12342 | D:11     | Noticed a five-headed hydra
 12344 | D:11     | Reached ***** piety under Kikubaaqudgha
 12360 | D:11     | Killed a one-headed hydra
 12895 | D:11     | Noticed Fannar
 12947 | Lair:1   | Entered Level 1 of the Lair of Beasts
 12947 | Lair:1   | You fall into a shaft and drop 1 floor!
 13205 | Lair:2   | Reached XP level 12. HP: 27/100 MP: 2/19
 13221 | Lair:2   | Reached skill level 10 in Necromancy
 13495 | Lair:2   | Noticed Sonja
 13533 | Lair:2   | Killed Sonja
 13719 | Lair:1   | Learned a level 6 spell: Death Channel
 14054 | Lair:1   | Reached skill level 5 in Long Blades
 14277 | Lair:1   | Noticed a seven-headed hydra
 14293 | Lair:1   | Killed a four-headed hydra
 15114 | Lair:2   | Identified the +0 falchion of Bafath {vorpal, Stlth+}
 15333 | Lair:2   | Found a staircase to the Shoals.
 16042 | Lair:3   | Found a hole to the Spider Nest.
 16111 | Lair:3   | Reached skill level 1 in Evocations
 16702 | Lair:3   | Identified the +0 leather armour of Xafrar {rF+}
 17044 | Lair:4   | Noticed a boulder beetle
 17063 | Lair:4   | Killed a boulder beetle
 17064 | Lair:4   | Reached XP level 13. HP: 103/107 MP: 3/21
 17071 | Lair:4   | Learned a level 6 spell: Simulacrum
 17202 | Lair:4   | Reached skill level 11 in Necromancy
 17255 | Lair:4   | Reached skill level 1 in Ice Magic
 19361 | Lair:5   | Noticed Urug
 19373 | Lair:5   | Killed Urug
 19913 | Lair:6   | Entered Level 6 of the Lair of Beasts
 22171 | Lair:6   | Noticed a dire elephant
 22171 | Lair:6   | Noticed a dire elephant
 22409 | Lair:6   | Reached XP level 14. HP: 82/118 MP: 7/23
 22474 | Lair:6   | Reached skill level 10 in Armour
 22883 | Lair:6   | Noticed a dire elephant
 23067 | D:11     | Found a sparkling altar of Nemelex Xobeh.
 23098 | D:11     | Killed Fannar
 23099 | D:11     | Reached skill level 12 in Necromancy
 23926 | D:10     | Killed Josephine
 24268 | Orc:1    | Entered Level 1 of the Orcish Mines
 24503 | Orc:2    | Entered Level 2 of the Orcish Mines
 24955 | Orc:1    | Paralysed by an orc sorcerer for 2 turns
 25129 | Orc:1    | Killed from afar by an orc high priest

Illustrated notes

Levels and vault maps discovered:
D:1:      ncdulo_watergridlock, layout_basic, serial_shops, shop_fountains,
          chequers_serial_rivers_micro_b
D:2:      layout_basic, minmay_goblin_outpost
D:3:      layout_rooms, kiku_gazebo_pond_becter, ebering_ghost_reflecting_pool,
          uniq_terence
D:4:      layout_layer_cave, uniq_robin
D:5:      layout_loops_ring, serial_aquarium, aquarium_bridge_island_small
          [aquarium_subvault_small_open, aquarium_subvault_bridge,
          aquarium_subvault_bridge, aquarium_subvault_wall,
          aquarium_subvault_balcony], aquarium_bridge_long_separate
          [aquarium_subvault_bridge, aquarium_subvault_window,
          aquarium_subvault_bridge, aquarium_subvault_window,
          aquarium_subvault_wall, aquarium_subvault_bridge],
          aquarium_window_fake, aquarium_window_corridor_1, aquarium_window_2,
          aquarium_view_2e, aquarium_balcony_3a, aquarium_pool_four,
          kennysheep_generic_room_13, uniq_pikel
D:6:      layout_basic, gammafunk_temple_overflow_wave, temple_fountains,
          chequers_serial_rivers_large_a, grunt_ministairs_11
D:7:      layout_cave_pools, kennysheep_little_box, minmay_misc_feat_encased,
          minmay_misc_feat_tower, minivault_25, chequers_decorated_corner,
          dreamdust_princess_corridor
D:8:      layout_rooms
D:9:      layout_cave_pools, lemuel_doored_altar, due_lair_maze_entry_diamond,
          uniq_grum
D:10:     minmay_statue_hallways, layout_basic, orc_david_3, minivault_19,
          dreamdust_deal_with_the_devil, chequers_serial_rivers_small_b,
          minmay_misc_feat_chi, hangedman_corner_corridor, uniq_josephine,
          uniq_erica
D:11:     minmay_chambers_of_sixes, layout_cross, chequers_mini_garden,
          nemelex_lonely_heart_becter, uniq_fannar
D:12:     layout_roguey, serial_undead, serial_undead_f, serial_undead_a,
          serial_undead_e, serial_undead_a
Lair:1:   layout_cave_pods, grunt_megastairs_3
Lair:2:   layout_gridlike, minmay_shoals_entry_hut, enter_volcano_4, uniq_sonja
Lair:3:   layout_hall_layers, spider_nest_entry_webs
Lair:4:   layout_regular_city, nzn_sisyphean_effort
Lair:5:   layout_cave_pods, minmay_slime_entry_oklob_enclosed, serial_forest,
          infiniplex_forest_straight_5, infiniplex_forest_3_way,
          infiniplex_forest_clump_medium, infiniplex_forest_clump_double,
          infiniplex_forest_end_3, infiniplex_forest_lined_3,
          infiniplex_forest_clump_small, infiniplex_forest_zigzag_1,
          infiniplex_forest_straight_3, serial_bayou_shore_a,
          infiniplex_staircase_pool_2, uniq_urug
Lair:6:   due_jungle_book, layout_cave_shapes, st_stairs_12
Orc:1:    layout_caves
Orc:2:    st_orc_mages, layout_caves

Skill      XL: |  1  2  3  4  5  6  7  8  9 10 11 12 13 14 |
---------------+-------------------------------------------+-----
Dodging        | 2 3 4 5 6 7 8 |  8.1
Spellcasting   | 2 3 4 5 6 7 |  7.4
Fighting       | 1 2 3 4 5 6 7 8 9 |  9.4
Armour         | 1 2 3 5 6 7 8 9 10 | 10.3
Shields        | 1 2 3 4 5 6 7 |  7.6
Necromancy     | 5 6 7 8 9 10 11 12 | 12.2
Long Blades    | 1 2 3 4 5 6 |  6.6
Evocations     | 1 3 4 |  4.0
Ice Magic      | 3 4 |  4.0
Maces & Flails | |  0.9
Stealth        | |  2.1

Action                   |  1- 3 |  4- 6 |  7- 9 | 10-12 | 13-15 || total
-------------------------+-------+-------+-------+-------+-------++-------
Melee: Unarmed           |    33 |       |       |       |       ||    33
       Dagger            |   102 |   327 |    37 |       |       ||   466
       Whip              |       |       |    72 |       |       ||    72
       Falchion          |       |       |   194 |   548 |   550 ||  1292
       Scimitar          |       |       |       |    11 |       ||    11
Throw: Dart              |       |     5 |       |     2 |       ||     7
 Cast: Vampiric Draining |       |       |    34 |    77 |    73 ||   184
       Dispel Undead     |       |       |       |    16 |     8 ||    24
       Animate Dead      |       |       |       |    10 |    22 ||    32
       Pain              |       |       |       |     5 |       ||     5
Invok: Receive Corpses   |       |       |       |     1 |     5 ||     6
       Torment           |       |       |       |       |     1 ||     1
  Use: Scroll            |       |     5 |     1 |     7 |     4 ||    17
       Potion            |       |       |     1 |       |     3 ||     4
 Stab: Sleeping          |     1 |       |     1 |     1 |     4 ||     7
       Distracted        |       |       |       |     1 |     4 ||     5
Armor: Robe              |    13 |       |       |       |       ||    13
       Ring mail         |    32 |   196 |     7 |       |       ||   235
       Animal skin       |       |       |    78 |       |       ||    78
       Leather armour    |       |       |    52 |   262 |   316 ||   630
Dodge: Dodged            |    74 |   189 |   426 |   611 |   470 ||  1770
Block: Buckler           |    11 |    53 |   109 |    66 |       ||   239
       Kite shield       |       |       |       |   289 |   407 ||   696

Table legend: (Time is in decaauts)
 A = Elapsed time spent in this place.
 B = Non-inter-level travel time spent in this place.
 C = Inter-level travel time spent in this place.
 D = Time resting spent in this place.
 E = Time spent auto-exploring this place.
 F = Levels seen in this place.
 G = Mean time per level.
                   A        B        C        D        E       F      G
               +--------+--------+--------+--------+--------+-----+--------+
         Total |  25535 |  24607 |    928 |   2400 |  16977 |  20 | 1276.8 |
       Dungeon |  14437 |  13857 |    580 |   1274 |   9354 |  12 | 1203.1 |
          Lair |  10202 |   9855 |    347 |   1045 |   7189 |   6 | 1700.3 |
  Orcish Mines |    896 |    896 |      0 |     81 |    434 |   2 |  448.0 |
               +--------+--------+--------+--------+--------+-----+--------+

Top non-repeatable levels by time:
  Lair:5: 3464 daAuts
    D:10: 1950 daAuts
  Lair:2: 1706 daAuts
  Lair:4: 1496 daAuts
     D:6: 1493 daAuts
     D:2: 1428 daAuts
     D:4: 1407 daAuts
     D:8: 1376 daAuts
  Lair:1: 1368 daAuts
     D:1: 1349 daAuts
    D:11: 1343 daAuts
     D:5: 1287 daAuts
  Lair:3: 1109 daAuts
  Lair:6: 1057 daAuts
     D:9: 1018 daAuts
